 Dungeon Crawl Stone Soup version 0.21-a0-516-gaaff437 (webtiles) character file.

91 Gerstahl the Twirler (level 4, -7/35 HPs)
             Began as a Demonspawn Gladiator on Dec 4, 2017.
             Killed by divine providence
             ... invoked by an orc priest
              (12 damage)
             ... on level 3 of the Dungeon.
             The game lasted 00:01:45 (1782 turns).

Gerstahl the Twirler (Demonspawn Gladiator)         Turns: 1782, Time: 00:01:45

Health: -7/35      AC:  4    Str: 14    XL:     4   Next: 33%
Magic:  4/4        EV: 13    Int:  9    God:
Gold:   64         SH:  4    Dex: 16    Spells: 3/3 levels left

rFire    . . .     SeeInvis .   a - +0 quarterstaff
rCold    . . .     Gourm    .   (shield currently unavailable)
rNeg     . . .     Faith    .   b - +0 leather armour
rPois    .         Spirit   .   c - +0 helmet
rElec    .         Reflect  .   (no cloak)
rCorr    .         Harm     .   (no gloves)
MR       .....                  (no boots)
Stlth    +.........             (no amulet)
HPRegen  0.11/turn              (no ring)
MPRegen  0.09/turn              (no ring)

@: lethally poisoned (-7 -> -10)
A: talons 1, large bone plates 1
a: no special abilities


You were on level 3 of the Dungeon.
You were not hungry.

You visited 1 branch of the dungeon, and saw 3 of its levels.

You collected 64 gold pieces.

Inventory:

Hand Weapons
 a - a +0 quarterstaff (weapon)
Missiles
 d - 3 throwing nets (quivered)
Armour
 b - a +0 leather armour (worn)
 c - a +0 helmet (worn)
Jewellery
 k - an uncursed amulet of the gourmand {unknown}
Wands
 l - a wand of paralysis (20)
Scrolls
 e - a scroll of amnesia {unknown}
 i - a scroll of blinking {unknown}
 j - a scroll of enchant armour {unknown}
 o - a scroll of teleportation {unknown}
 q - a scroll of identify {unknown}
Potions
 h - a potion of curing {unknown}
 m - 2 potions of mutation {unknown}
 n - a potion of lignification {unknown}
 p - a potion of might {unknown}
Comestibles
 f - a bread ration
 g - a royal jelly


   Skills:
 + Level 3.5 Fighting
 + Level 3.8 Staves
 - Level 1.7 Throwing
 - Level 2.6 Dodging


You had 3 spell levels left.
You didn't know any spells.

Dungeon Overview and Level Annotations

Branches:
Dungeon (3/15)

Altars:


Innate Abilities, Weirdness & Mutations

You have sharp toenails.
You are partially covered in large bone plates. (SH +4)


Message History

You are too injured to fight recklessly!
You are too injured to fight recklessly!
You are too injured to fight recklessly!
You are too injured to fight recklessly!
You feel sick. The bat hits you but does no damage.
You feel sick. The bat hits you.
* * * LOW HITPOINT WARNING * * *
You feel sick. The bat barely misses you. The bat misses you.
You feel sick. The bat barely misses you.
You feel sick. The bat misses you. x2
The bat hits you but does no damage.
You feel sick. The bat barely misses you. The bat hits you but does no damage.
You feel sick. The bat barely misses you.
There is a stone staircase leading down here.
The bat hits you but does no damage.
The orc priest mumbles some strange prayers to Beogh against you.
Beogh smites you!
You die...

#. ..# ..... .#.# ..
..# ##.# ###.####
#.... ##......##...
..... ##........#.#
..... #...@.......#
..o.. #....b.....##
..... #..........#
##...#
#.........o####....#.
#....................
##..........#..)..#..
#..........#.#)...#
#......<..#._.#...##.
#..........#.#.......


You could see an orc priest and a bat.

Vanquished Creatures
  2 adders (D:2)
  2 oozes (D:3)
  2 worms (D:2)
  2 dart slugs (D:1)
  2 leopard geckos
  3 orcs (D:3)
  9 bats
  6 goblins
  5 hobgoblins
  2 jackals (D:2)
  4 kobolds (D:1)
  2 ball pythons
  A ball python skeleton (D:3)
  4 frilled lizards
  3 rats
49 creatures vanquished.

Notes
Turn   | Place    | Note
-------+----------+-------------------------------------------
     0 | D:1      | Gerstahl the Demonspawn Gladiator began the quest for the Orb.
     0 | D:1      | Reached XP level 1. HP: 16/16 MP: 1/1
    94 | D:1      | Gained mutation: You are partially covered in large bone plates. (SH +4) [demonic ancestry]
    94 | D:1      | Reached XP level 2. HP: 19/23 MP: 2/2
   890 | D:2      | Gained mutation: You have sharp toenails. [demonic ancestry]
   890 | D:2      | Reached XP level 3. HP: 28/28 MP: 3/3
  1201 | D:2      | Reached XP level 4. HP: 32/35 MP: 4/4
  1713 | D:3      | Found a faded altar of an unknown god.
  1782 | D:3      | Killed from afar by an orc priest

Vault maps used:
D:1:      saegor_arrival_simple_b, serial_glass, glass_columns_a,
          glass_columns_b
D:2:      serial_forest, infiniplex_forest_straight_1,
          infiniplex_forest_clump_medium, infiniplex_forest_end_2,
          infiniplex_forest_corner_1, infiniplex_forest_straight_2,
          infiniplex_forest_clump_curved, infiniplex_forest_clump_curved
D:3:      chequers_ecumenical_altar_simple_redux, first_bread,
          minmay_misc_feat_x, dk_xom_monty_hall, uniq_crazy_yiuf_cottage

Skill      XL: |  1  2  3 |
---------------+----------+-----
Staves         | 3 |  3.8
Fighting       | 3 |  3.5
Throwing       | |  1.7
Dodging        | |  2.6

Action                   |  1- 3 |  4- 6 || total
-------------------------+-------+-------++-------
Melee: Quarterstaff      |    98 |    20 ||   118
       Kick              |     7 |     2 ||     9
 Stab: Sleeping          |     1 |       ||     1
  Eat: Meat ration       |       |     1 ||     1
       Chunk             |       |     1 ||     1
Armor: Leather armour    |    35 |     6 ||    41
Dodge: Dodged            |    68 |    18 ||    86
Block: Other             |    22 |     4 ||    26

Table legend:
 A = Spawn XP
 B = Non-spawn XP
 C = Spawn XP percentage of total XP
 D = Spawn monster count
 E = Non-spawn monster count
 F = Spawn count percentage of total count
 G = Total turns spent on level
                    A         B        C        D         E        F      G
               +---------+---------+-------+---------+---------+-------+---------
         Total |       0 |     130 |   0.0 |       0 |      49 |   0.0 |  1782
               +---------+---------+-------+---------+---------+-------+---------
           D:1 |       0 |      40 |   0.0 |       0 |      21 |   0.0 |   863
           D:2 |       0 |      61 |   0.0 |       0 |      18 |   0.0 |   849
           D:3 |       0 |      29 |   0.0 |       0 |      10 |   0.0 |    70
               +---------+---------+-------+---------+---------+-------+---------
